Description

A Ling drop meant to distract and harass while u drone up and take a 3rd

Replay - 4750 tear 1 Pro Toe Vs Jurg (Win)

Build Order

Get SALT Encoding   

  12  0:01  Drone  
  13  0:12  Overlord  
  13  0:18  Drone  
  14  0:32  Drone x2  
  16  0:37  Drone, Extractor  
  16  0:49  Spawning Pool  
  15  0:53  Drone x2  
  17  1:08  Drone  
  18  1:18  Drone  
  19  1:36  Zergling x2, Queen  
  19  1:38  Metabolic Boost  
  22  1:41  Overlord  
  22  2:11  Drone, Hatchery  
  22  2:13  Overlord  
  22  2:17  Lair  
  22  2:28  Zergling x4  
  24  2:42  Overlord  
  24  2:44  Zergling x8  
  28  3:22  Queen  
Spawning Tool Build Advisor. Get it on Overwolf

Go to:

Details

  • Created by: huskaemaciyape
  • Published on: Dec 10, 2020
  • Modified on: Dec 10, 2020
  • Patch: 4.11.0
  • Difficulty: Easy
Show
View Real Time Build Order
Export as new Build Order

Comments (0)

There are no comments. Be the first!

Create an account to comment!